 Dungeon Crawl Stone Soup version 0.28.0-43-g3370ac3207 (webtiles) character file.

Game seed: 11281510169112196142

278 croobank the Sneak (level 6, -4/36 HPs)
             Began as an Octopode Fire Elementalist on Mar 5, 2022.
             Was an Initiate of Wu Jian.
             Slain by a gnoll
             ... wielding a +0 spear
              (5 damage)
             ... on level 4 of the Dungeon.
             The game lasted 00:06:52 (2988 turns).

croobank the Sneak (Octopode Fire Elementalist)     Turns: 2988, Time: 00:06:53

Health: -4/36      AC:  1    Str:  7    XL:     6   Next: 26%
Magic:  5/10       EV: 13    Int: 20    God:    Wu Jian [......]
Gold:   107        SH:  5    Dex: 12    Spells: 4/11 levels left

rFire   . . .      SeeInvis .   a - +2 spear (vorpal)
rCold   + . .      Faith    .   (no shield)
rNeg    . . .      Spirit   .   (helmet restricted)
rPois   .          Reflect  +   d - amulet of reflection
rElec   .          Harm     .   c - ring of protection from cold
rCorr   .          Rampage  .   o - +4 ring of slaying
Will    .....                   q - ring of wizardry
Stlth   ++++......              (no ring)
HPRegen 0.12/turn               (no ring)
MPRegen 0.12/turn               (no ring)
                                (no ring)
                                (no ring)

@: no status effects
A: almost no armour, amphibious, 8 rings, camouflage 1, gelatinous body 1,
(nimble swimmer 1), tentacles
a: Renounce Religion


You were on level 4 of the Dungeon.
You worshipped Wu Jian.
Wu Jian was noncommittal.
You visited 1 branch of the dungeon, and saw 4 of its levels.

You collected 107 gold pieces.

Inventory:

Hand Weapons
 a - a +2 vorpal spear (weapon)
 b - a +0 hunting sling
 f - a +0 dagger
 l - a +0 hand axe
Missiles
 g - 15 bolts
 i - 73 stones
 j - 16 sling bullets
 p - 17 arrows
Jewellery
 c - a ring of protection from cold (left tentacle)
 d - an amulet of reflection (around mantle)
 k - an amulet of the acrobat
 o - a +4 ring of slaying (right tentacle)
 q - a ring of wizardry (on tentacle)
Scrolls
 n - a scroll of identify {unknown}
 r - a scroll of brand weapon {unknown}
Potions
 e - a potion of resistance {unknown}
 h - 2 potions of haste {unknown}
 m - a potion of curing {unknown}


   Skills:
 + Level 3.2 Dodging
 + Level 4.7 Stealth
 + Level 3.1 Spellcasting
 + Level 2.7 Conjurations
 + Level 4.0 Fire Magic


You had 4 spell levels left.
You knew the following spells:

 Your Spells              Type           Power      Damage    Failure   Level
a - Foxfire               Conj/Fire      64%        2x1d7     1%          1
b - Scorch                Fire           38%        2d7       1%          2
c - Flame Wave            Conj/Fire      16%        2d6       14%         4

Your spell library contained the following spells:

 Spells                   Type           Power      Damage    Failure   Level
 Conjure Flame            Conj/Fire      16%        6-21      4%          3
 Inner Flame              Hex/Fire       11%        N/A       8%          3


Dungeon Overview and Level Annotations

Branches:
Dungeon (4/15)
 Temple: D:4-7

Altars:
Wu Jian


Innate Abilities, Weirdness & Mutations

You cannot wear most types of armour.
You are amphibious.
You can wear up to eight rings at the same time.
Your skin changes colour to match your surroundings (Stealth+).
Your rubbery body absorbs attacks. (AC +1, EV +1)
((You are camouflaged when in or above water. (Stealth+)))
You have tentacles for arms and can constrict up to eight enemies at once.


Message History

(D) Dungeon
Where to? (Enter - D:3, ? - help)
There is an open door here.
You see here a +0 whip.
There is a stone staircase leading down here.
You climb downwards.
Found a lumpy amethyst potion, 7 gold pieces and an Inescapable Atlas.
Found a stone staircase leading up.
There is a stone staircase leading up here.
There are monsters nearby!
Casting: Scorch (safe; 1% risk of failure)
Confirm with . or Enter, or press ? or * to list all spells.
The spell is quite dangerous to miscast (14% risk of failure)!
Continue anyway?
Casting: Flame Wave (quite dangerous; 14% risk of failure)
Press: ? - help, Dir - look around, f - activate A wave of flame ripples out!
The flame wave engulfs the gnoll.
The gnoll is lightly wounded.
The gnoll shouts!
The flame wave engulfs the gnoll sergeant but does no damage. (Press . to intensify the flame waves.)
The gnoll shouts! x3; You hear a shout!
A goblin comes into view. It is wielding a +0 club.
The gnoll sergeant hits you with a +0 spear!
The gnoll misses you. The gnoll hits you with a +0 halberd!
A wave of flame ripples out!
The flame wave engulfs the gnoll!
You kill the gnoll!
The Council accepts your kill.
The flame wave engulfs the gnoll sergeant.
The gnoll sergeant is lightly wounded.
The flame wave engulfs the gnoll!
The gnoll is heavily wounded.
The flame wave engulfs the hound!
The hound is severely wounded.
The flame wave engulfs the gnoll.
The gnoll is moderately wounded.
The gnoll sergeant hits you with a +0 spear!
* * * LOW HITPOINT WARNING * * *
The gnoll closely misses you.
The gnoll hits you from afar with a +0 spear.
You die...

.. ... .. #.. #
#. ..#.#
.#....# .
..$#..#g#
#gZ......
...####..g<....
......h@gg.....
......)........
...##!#........
. #.#........ .
#........ ..
#....###. ..
:..... ...
.......


You could see a gnoll sergeant, a hound, 3 gnolls, a goblin and a howler monkey
skeleton.

Vanquished Creatures
  Grinder (D:3)
  An adder (D:3)
  A gnoll (D:4)
  2 dart slugs
  8 ball pythons
  2 bats
  6 endoplasms
  2 giant cockroaches (D:1)
  4 goblins
  5 hobgoblins
  4 jackals (D:1)
  8 kobolds
  3 quokkas
  4 frilled lizards
  3 rats
54 creatures vanquished.

Vanquished Creatures (others)
  76 foxfires
76 creatures vanquished.

Grand Total: 130 creatures vanquished

Notes
Turn   | Place    | Note
-------+----------+-------------------------------------------
     0 | D:1      | croobank the Octopode Fire Elementalist began the quest for
                  | the Orb.
     0 | D:1      | Reached XP level 1. HP: 11/11 MP: 3/3
   258 | D:1      | Reached XP level 2. HP: 17/17 MP: 3/5
   269 | D:1      | Learned a level 2 spell: Scorch
   579 | D:1      | Reached XP level 3. HP: 21/21 MP: 4/6
   765 | D:1      | Found a faded altar of an unknown god.
  1970 | D:2      | Found an ornate altar of the Wu Jian Council.
  1991 | D:2      | Became a worshipper of the Wu Jian Council
  2211 | D:3      | Noticed Grinder
  2221 | D:3      | Paralysed by Grinder for 2 turns
  2227 | D:3      | Killed Grinder
  2228 | D:3      | Reached XP level 4. HP: 27/27 MP: 0/8
  2228 | D:3      | Reached XP level 5. HP: 31/31 MP: 0/9
  2228 | D:3      | Reached XP level 6. HP: 36/36 MP: 0/10
  2312 | D:3      | Learned a level 4 spell: Flame Wave
  2481 | D:3      | Identified the +6 scale mail "Ylo Ve Riytt" {*Slow rN++
                  | Regen+ Dex+2}
  2633 | D:3      | Identified the +9 scale mail of the Armadillo {rF+ Will+
                  | rCorr Dex+3}
  2988 | D:4      | HP: 1/36 [gnoll sergeant/+0 spear (10)]
  2988 | D:4      | Slain by a gnoll

Illustrated notes

Levels and vault maps discovered:
D:1:      dpeg_arrival_windows_large_door, layout_loops_ring,
          nicolae_ecumenical_snake_handling, minivault_24
D:2:      layout_basic, basic_altar, grunt_ministairs_10
D:3:      layout_basic, uniq_grinder
D:4:      layout_rooms, ebering_ghost_sewer_f

Skill      XL: |  1  2  3 |
---------------+----------+-----
Stealth        | 3 4 |  4.7
Dodging        | 3 |  3.2
Spellcasting   | 3 |  3.1
Conjurations   | 2 |  2.7
Fire Magic     | 4 |  4.0

Action                   |  1- 3 |  4- 6 || total
-------------------------+-------+-------++-------
Melee: Unarmed           |     6 |       ||     6
       Dagger            |    18 |       ||    18
       Tentacles         |     7 |       ||     7
       Constrict         |     8 |     2 ||    10
       Hand axe          |     5 |       ||     5
       Spear             |     4 |     5 ||     9
 Cast: Foxfire           |    46 |     6 ||    52
       Scorch            |     7 |     2 ||     9
       Flame Wave        |       |     1 ||     1
Invok: Lunge             |     1 |     2 ||     3
  Use: Scroll            |     2 |       ||     2
 Stab: Sleeping          |     5 |     2 ||     7
Armor: Skin              |     3 |       ||     3
Dodge: Dodged            |    18 |     4 ||    22
Block: Other             |     6 |     1 ||     7
